 Dungeon Crawl Stone Soup version 0.30-a0-718-geaa24f58ff (webtiles) character file.

Game seed: 12308535480796557333

107 hikkokomori the Shield-Bearer (level 4, -1/24 HPs)
             Began as a Vine Stalker Fighter on Jan 26, 2023.
             Killed by nerve-wracking pain
             ... invoked by Grinder
              (6 damage)
             ... on level 4 of the Dungeon.
             The game lasted 00:02:57 (2009 turns).

hikkokomori the Shield-Bearer (VSFi)                Turns: 2009, Time: 00:02:58

Health: -1/24      AC:  7    Str: 21    XL:     4   Next: 85%
Magic:  0/5        EV:  9    Int:  8    God:
Gold:   186        SH:  5    Dex: 13    Spells: 3/3 levels left

rFire   . . .      SeeInvis .    p - +2 rapier (elec)
rCold   . . .      Faith    .    c - +0 buckler
rNeg    . . .      Spirit   +    b - +0 scale mail
rPois   .          Reflect  .    (no helmet)
rElec   .          Harm     .    (no cloak)
rCorr   .          Rampage  .    e - +0 pair of gloves
Will    .....                    (no boots) Stlth
                                 (no amulet)
HPRegen 1.04/turn                (no ring)
MPRegen 0.09/turn                (no ring)

@: no status effects
A: fangs 2, regeneration 1, magic shield, antimagic bite, no potion heal 2
a: no special abilities


You were on level 4 of the Dungeon.
You visited 1 branch of the dungeon, and saw 4 of its levels.

You collected 186 gold pieces.

Inventory:

Hand Weapons
 a - a +0 flail
 j - a +2 dagger of venom
 l - a +2 dagger of draining
 o - a +3 mace
 p - a +2 rapier of electrocution (weapon)
Armour
 b - a +0 scale mail (worn)
 c - a +0 buckler (worn)
 e - a +0 pair of gloves (worn)
Jewellery
 h - a ring of positive energy
Scrolls
 g - 3 scrolls of identify {unknown}
 i - a scroll of enchant armour {unknown}
 r - a scroll of teleportation {unknown}
 s - a scroll of summoning {unknown}
 t - a scroll of vulnerability {unknown}
Potions
 d - 2 potions of might
 f - a potion of lignification {unknown}
 k - a potion of haste {unknown}
 m - 2 potions of curing {unknown}
 n - a potion of brilliance {unknown}
 q - a potion of mutation {unknown}


   Skills:
 + Level 3.3 Fighting
 + Level 2.6 Maces & Flails
 + Level 3.0 Armour
 + Level 3.3 Shields


You had 3 spell levels left.
You didn't know any spells.
Your spell library was empty.

Dungeon Overview and Level Annotations

Branches:
Dungeon (4/15)
 Temple: D:4-7

Altars:
Ashenzari
Cheibriados

Shops:
D:2 *   D:4 *

Annotations:
D:4 Grinder


Innate Abilities, Weirdness & Mutations

You have extremely sharp teeth.
Your natural rate of healing is unusually fast.
When hurt, damage is shared between your health and your magic reserves.
Your bite disrupts and absorbs the magic of your enemies.
Potions cannot restore your health.


Message History

Grinder falters for a moment.
You hit Grinder. Your bite misses Grinder.
Grinder is moderately wounded.
Grinder hits you!
You writhe in agony.
You are too injured to fight recklessly!
You are too injured to fight recklessly!
You are too injured to fight recklessly!
You are too injured to fight recklessly!
You are too injured to fight recklessly!
You are too injured to fight recklessly!
You are too injured to fight recklessly!
You are too injured to fight recklessly!
You are too injured to fight recklessly!
You are too injured to fight recklessly!
You are too injured to fight recklessly!
You are too injured to fight recklessly!
You are too injured to fight recklessly!
You are too injured to fight recklessly!
You are too injured to fight recklessly!
You are too injured to fight recklessly!
You hear the crackle of electricity.
p - a +2 rapier of electrocution (weapon)
Grinder falters for a moment.
You hit Grinder.
Grinder is moderately wounded.
Grinder gestures at you. Pain shoots through your body!
* * * LOW HITPOINT WARNING * * *
You barely miss Grinder. Your bite misses Grinder.
Grinder is moderately wounded.
Grinder hits you.
* * * LOW HITPOINT WARNING * * *
You completely miss Grinder.
Grinder is moderately wounded.
Grinder completely misses you. Grinder hits you but does no damage.
You closely miss Grinder. Your bite misses Grinder.
Grinder is moderately wounded.
Grinder gestures at you. Pain shoots through your body!
You die...

..... ....# #....##....#
##.....#....#
∩..........# #........#
#.......## ########
#...5...# #......###
.###.@...# #........#
...........## #...≈≈≈..#
###.........###..≈≈≈≈≈.#
#..........#...≈≈_≈≈.#
#..###.........≈≈.≈≈.#
#..#............≈≈.≈≈.#
.........#.....#.≈≈.≈≈..
#.. #.....####.#.≈...≈..
##......####.≈.8.≈..


You could see Grinder (magic disrupted).

Vanquished Creatures
  4 adders
  2 worms
  A dart slug (D:4)
  3 endoplasms
  2 giant cockroaches
  5 goblins
  6 hobgoblins
  8 jackals
  4 kobolds
  3 quokkas
  7 ball pythons
  7 bats
  3 frilled lizards
  6 rats
61 creatures vanquished.

Notes
Turn   | Place    | Note
-------+----------+-------------------------------------------
     0 | D:1      | hikkokomori the Vine Stalker Fighter began the quest for
                  | the Orb.
     0 | D:1      | Reached XP level 1. HP: 11/11 MP: 2/2
    42 | D:1      | Found a faded altar of an unknown god.
   142 | D:1      | Reached XP level 2. HP: 10/16 MP: 3/3
   401 | D:1      | Reached XP level 3. HP: 18/20 MP: 2/4
   862 | D:2      | Found Zoiv Xuo's General Store.
   953 | D:2      | Found a snail-covered altar of Cheibriados.
  1154 | D:2      | Gained mutation: Your natural rate of healing is unusually
                  | fast. [Vine Stalker growth]
  1154 | D:2      | Reached XP level 4. HP: 24/24 MP: 5/5
  1975 | D:4      | Found a broken altar of Ashenzari.
  1995 | D:4      | Found Vacha's General Store.
  1995 | D:4      | Noticed Grinder
  2009 | D:4      | Killed from afar by Grinder

Illustrated notes

Levels and vault maps discovered:
D:1:      ebering_hopf_link, layout_loops_ring,
          shapermc_ecumenical_altar_mp_highgroup
D:2:      layout_basic, basic_altar, serial_shops, nicolae_shop_crystal
D:3:      layout_rooms, serial_curves, eino_curves_04, eino_curves_03
D:4:      layout_cave_pools, dreamdust_divine_triumvirate,
          mainiacjoe_overflow_catwalk, grunt_dithmenos_smoke, xom_butterflies,
          serial_shops, shop, uniq_eustachio, uniq_natasha, uniq_grinder

Skill      XL: |  1  2  3  4 |
---------------+-------------+-----
Maces & Flails | 2 |  2.6
Shields        | 3 |  3.3
Fighting       | 3 |  3.3
Armour         | 3 |  3.0

Action                     |  1- 3 |  4- 6 || total
---------------------------+-------+-------++-------
  Melee: Flail             |    53 |       ||    53
         Bite              |     6 |    19 ||    25
         Dagger            |    24 |    59 ||    83
         Rapier            |       |     4 ||     4
 Armour: Scale mail        |    49 |    27 ||    76
  Dodge: Dodged            |    38 |    13 ||    51
  Block: Buckler           |    27 |    14 ||    41

Table legend: (Time is in decaauts)
 A = Elapsed time spent in this place.
 B = Non-inter-level travel time spent in this place.
 C = Inter-level travel time spent in this place.
 D = Time resting spent in this place.
 E = Time spent auto-exploring this place.
 F = Levels seen in this place.
 G = Mean time per level.
                   A        B        C        D        E       F      G
               +--------+--------+--------+--------+--------+-----+--------+
         Total |   2030 |   1917 |    113 |      0 |   1560 |   4 |  507.5 |
       Dungeon |   2030 |   1917 |    113 |      0 |   1560 |   4 |  507.5 |
               +--------+--------+--------+--------+--------+-----+--------+

Top non-repeatable levels by time:
     D:2: 831 daAuts
     D:1: 775 daAuts
     D:3: 359 daAuts
     D:4: 63 daAuts
